[Event "ICC tourney 2140 (3 2)"]
[Site "Internet Chess Club"]
[Date "2020.11.20"]
[Round "1"]
[White "Kalmyk"]
[Black "breaker90"]
[Result "1-0"]
[ICCResult "Black resigns"]
[WhiteElo "2706"]
[BlackElo "1702"]
[Opening "Ruy Lopez: 5.O-O"]
[ECO "C78"]
[NIC "RL.12"]
[Time "20:02:09"]
[TimeControl "180+2"]

1. e4 e5 2. Nf3 Nc6 3. Bb5 a6 4. Ba4 Nf6 5. O-O b5 6. Bb3 Bc5 7. a4 Bb7 8.
d3 d6 9. Nc3 h6 10. axb5 axb5 11. Rxa8 Bxa8 12. Nxb5 O-O 13. Nc3 Nd4 14.
Nxd4 exd4 15. Ne2 d5 16. e5 Nd7 17. f4 Qe7 18. Ng3 f6 19. Nf5 {Black
resigns} 1-0

[Event "ICC tourney 2140 (3 2)"]
[Site "Internet Chess Club"]
[Date "2020.11.20"]
[Round "1"]
[White "SupaHotFiya"]
[Black "jefferyx"]
[Result "0-1"]
[ICCResult "White resigns"]
[WhiteElo "1773"]
[BlackElo "2775"]
[Opening "Sicilian: Canal-Sokolsky (Nimzovich-Rossolimo, Moscow) attack"]
[ECO "B51"]
[NIC "SI.01"]
[Time "20:01:27"]
[TimeControl "180+2"]

1. e4 c5 2. Nf3 d6 3. Bb5+ Nd7 4. d4 cxd4 5. Qxd4 a6 6. Bxd7+ Bxd7 7. Nc3
Nf6 8. Bg5 Rc8 9. O-O e6 10. Rad1 Be7 11. Rfe1 Qc7 12. e5 dxe5 13. Nxe5 Bc6
14. Nxc6 Qxc6 15. h3 h6 16. Be3 O-O 17. Qb6 Qxb6 18. Bxb6 Rc6 19. Bd4 b5 20.
Re2 Rfc8 21. a3 Ne8 22. Rdd2 Bg5 23. Be3 Bxe3 24. Rxe3 Nd6 25. Red3 Nc4 26.
Re2 Nxb2 {White resigns} 0-1

[Event "ICC tourney 2140 (3 2)"]
[Site "Internet Chess Club"]
[Date "2020.11.20"]
[Round "1"]
[White "HansNiemann"]
[Black "BreatheChessAls"]
[Result "1-0"]
[ICCResult "Black resigns"]
[WhiteElo "1609"]
[BlackElo "1626"]
[Opening "QGD Slav: 4.e3 Bf5"]
[ECO "D12"]
[NIC "SL.01"]
[Time "20:01:21"]
[TimeControl "180+2"]

1. d4 d5 2. c4 c6 3. Nf3 Nf6 4. e3 Bf5 5. Nc3 e6 6. Nh4 Bg4 7. Qb3 Qb6 8. h3
Bh5 9. g4 Bg6 10. g5 Nfd7 11. Nxg6 hxg6 12. Bd2 Be7 13. f4 dxc4 14. Bxc4 Qc7
15. O-O-O Nb6 16. Be2 Nd5 17. Kb1 Nxc3+ 18. Bxc3 Nd7 19. e4 a5 20. d5 Nc5
21. Qc2 Qxf4 22. dxc6 bxc6 23. Bxg7 Rg8 24. Bd4 Qxg5 25. Rhg1 Qf4 26. Bxc5
Qxe4 27. Qxe4 Bxc5 28. Qxc6+ {Black resigns} 1-0

[Event "ICC tourney 2140 (3 2)"]
[Site "Internet Chess Club"]
[Date "2020.11.20"]
[Round "1"]
[White "chesslin"]
[Black "Gukesh"]
[Result "0-1"]
[ICCResult "White resigns"]
[WhiteElo "1605"]
[BlackElo "1424"]
[Opening "Queen's pawn, Mason variation"]
[ECO "D00"]
[NIC "QP.08"]
[Time "20:01:45"]
[TimeControl "180+2"]

1. d4 d5 2. Bf4 Nf6 3. e3 e6 4. Nd2 Bd6 5. Bg3 O-O 6. Bd3 c5 7. c3 Qc7 8.
Ngf3 Nbd7 9. Rc1 e5 10. Bb1 b6 11. O-O e4 12. Ne1 Bxg3 13. fxg3 Ba6 14. Rf4
Rac8 15. Nb3 Rfe8 16. h3 Qd6 17. Nd2 cxd4 18. cxd4 Nf8 19. Rc3 Rxc3 20. bxc3
Ng6 21. Rf5 Bc8 22. Rg5 h6 23. Rxg6 fxg6 24. Nf1 Be6 25. Bc2 Rc8 26. Qd2 Qc7
27. Bb3 Qxc3 28. Qf2 a5 29. g4 b5 30. Ng3 a4 31. Bd1 Qa1 32. Nc2 Qxd1+ 33.
Kh2 Rxc2 34. Qf4 Qd2 35. Qf1 Rxa2 {White resigns} 0-1

[Event "ICC tourney 2140 (3 2)"]
[Site "Internet Chess Club"]
[Date "2020.11.20"]
[Round "1"]
[White "manest"]
[Black "Monkeybomb3605"]
[Result "1-0"]
[ICCResult "Black resigns"]
[WhiteElo "2689"]
[BlackElo "1373"]
[Opening "Nimzovich-Larsen attack: Indian variation"]
[ECO "A01"]
[NIC "VO.08"]
[Time "20:01:34"]
[TimeControl "180+2"]

1. b3 Nf6 2. Bb2 d5 3. Nf3 c5 4. e3 Bf5 5. Bb5+ Nc6 6. Ne5 Qc7 7. Bxc6+ bxc6
8. d3 e6 9. Nd2 Bd6 10. f4 O-O 11. O-O Nd7 12. e4 Bg6 13. Nxd7 Qxd7 14. Qe2
f6 15. Rae1 Rae8 16. e5 fxe5 17. Bxe5 Bxe5 18. Qxe5 Rf5 19. Qe3 Qd6 20. g3
e5 21. Qf2 exf4 22. Rxe8+ Bxe8 23. g4 Rf8 24. Nf3 Bd7 25. h3 d4 26. Re1 Be6
27. Qh4 Bd5 28. Kf2 Bxf3 29. Kxf3 Qd5+ 30. Re4 g5 31. Qh6 Re8 32. Qf6 Rf8
33. Qe6+ Qxe6 34. Rxe6 Kf7 35. Re5 Re8 36. Rxg5 Re3+ 37. Kxf4 Rxh3 38. Rxc5
Rh6 39. Ra5 Rf6+ 40. Kg5 Rg6+ 41. Kh5 Kf6 42. Rxa7 Rg5+ 43. Kh4 Kg6 44. Rxh7
Rc5 45. Rd7 Rxc2 46. Rxd4 Rxa2 47. Rd6+ Kg7 48. Rxc6 {Black resigns} 1-0

[Event "ICC tourney 2140 (3 2)"]
[Site "Internet Chess Club"]
[Date "2020.11.20"]
[Round "1"]
[White "chessrex"]
[Black "AramWU"]
[Result "1/2-1/2"]
[ICCResult "Game drawn by repetition"]
[WhiteElo "1898"]
[BlackElo "1566"]
[Opening "Blackmar-Diemer gambit"]
[ECO "A45"]
[NIC "QP.07"]
[Time "20:01:42"]
[TimeControl "180+2"]

1. d4 Nf6 2. f3 d5 3. e4 dxe4 4. Nc3 e3 5. Bxe3 Bf5 6. g4 Bg6 7. Nge2 e6 8.
h4 h6 9. Nf4 Bd6 10. Nxg6 fxg6 11. Qd3 Kf7 12. O-O-O Nbd7 13. h5 g5 14. Qg6+
Kf8 15. Bc4 Qe7 16. Rhe1 Nb6 17. Bb3 Qf7 18. Qxf7+ Kxf7 19. Bf2 Nfd5 20.
Nxd5 exd5 21. a4 a5 22. c3 Rhe8 23. Bc2 Kf8 24. b3 Rxe1 25. Rxe1 Re8 26.
Rxe8+ Kxe8 27. Bg6+ Ke7 28. Kc2 c6 29. Kd3 Nd7 30. Bf5 Nb8 31. c4 Na6 32. c5
Nb4+ 33. Ke2 Bf4 34. Be1 Kd8 35. Bxb4 axb4 36. Kd3 Kc7 37. Bg6 Bg3 38. Bf5
Bh2 39. Bg6 Bg1 40. Bf5 Bf2 41. Bg6 Be1 42. Bf5 Bc3 43. Bg6 Ba1 44. Bf5 b6
45. cxb6+ Kxb6 46. Be6 Bc3 47. Bd7 Kc7 48. Be8 Be1 49. a5 Bf2 50. a6 c5 51.
dxc5 Bxc5 52. Bf7 Kb6 53. Bxd5 Kxa6 54. Kc4 Be7 55. Be6 Kb6 56. Kd5 Bf6 57.
Bd7 Kc7 58. Bb5 Bc3 59. Bc4 Kd7 60. Bd3 Ke7 61. Bc4 Kf6 62. Ke4 Be1 63. Bb5
Ke6 64. Be8 Bd2 65. Bg6 Kd6 66. Kd4 Bc3+ 67. Ke4 Ke7 68. Bf5 Kd6 69. Bg6 Bf6
70. Bf5 Ke7 71. Bg6 Ke6 72. Bf5+ Kd6 73. Bg6 Bb2 74. Bf5 Ke7 75. Bg6 Bc3 76.
Bf5 Kd6 77. Bg6 Ke7 78. Bf5 Kd6 79. Bg6 Ke7 {Game drawn by repetition}
1/2-1/2

[Event "ICC tourney 2140 (3 2)"]
[Site "Internet Chess Club"]
[Date "2020.11.20"]
[Round "1"]
[White "FivePlyGuy"]
[Black "GGuseinov"]
[Result "0-1"]
[ICCResult "White checkmated"]
[WhiteElo "1667"]
[BlackElo "2793"]
[Opening "Réti opening"]
[ECO "A04"]
[NIC "QP.11"]
[Time "20:01:40"]
[TimeControl "180+2"]

1. Nf3 g6 2. c4 Bg7 3. g3 d6 4. Bg2 e5 5. d3 f5 6. Nbd2 Nf6 7. O-O O-O 8.
Rb1 Kh8 9. b4 Nc6 10. b5 Ne7 11. e4 f4 12. gxf4 Nh5 13. Nb3 Nxf4 14. Bxf4
Rxf4 15. d4 Bg4 16. Qd3 Bxf3 17. Bxf3 exd4 18. Nxd4 Qd7 19. Rb3 Raf8 20. Bg2
Be5 21. f3 Ng8 22. Ne2 Rh4 23. f4 Bxf4 24. Nxf4 Rhxf4 25. Qd4+ Qg7 26. Qxg7+
Kxg7 27. Rxf4 Rxf4 28. Rc3 Nf6 29. c5 Nxe4 30. Bxe4 Rxe4 31. cxd6 cxd6 32.
Rc7+ Kh6 33. Rxb7 Ra4 34. Rd7 Rxa2 35. Rxd6 Kg5 36. Rd4 Kf5 37. Rb4 g5 38.
b6 axb6 39. Rxb6 Kg4 40. Rb3 Kh4 41. Rb6 h5 42. Rb3 g4 43. Rc3 Rb2 44. Rd3
Rb5 45. Re3 Rf5 46. Kg2 Rb5 47. Kg1 Kg5 48. Rc3 h4 49. Rd3 h3 50. Re3 Rb1+
51. Kf2 Rh1 52. Kg3 Rg1+ 53. Kf2 Rg2+ 54. Kf1 Rxh2 55. Re8 Ra2 56. Rg8+ Kf4
57. Rf8+ Kg3 58. Re8 h2 59. Rh8 h1=Q+ 60. Rxh1 Ra1+ 61. Ke2 Rxh1 62. Ke3 Rf1
63. Ke2 Rf3 64. Ke1 Kf4 65. Ke2 g3 66. Ke1 g2 67. Ke2 g1=Q 68. Kd2 Qg2+ 69.
Kc1 Rf1# {White checkmated} 0-1

[Event "ICC tourney 2140 (3 2)"]
[Site "Internet Chess Club"]
[Date "2020.11.20"]
[Round "1"]
[White "venkataralla"]
[Black "TjkTiger"]
[Result "0-1"]
[ICCResult "White resigns"]
[WhiteElo "1285"]
[BlackElo "2309"]
[Opening "Czech Benoni defense"]
[ECO "A56"]
[NIC "OI.05"]
[Time "20:01:47"]
[TimeControl "180+2"]

1. d4 Nf6 2. c4 c5 3. d5 e5 4. Nc3 d6 5. e4 Nbd7 6. Bd3 a6 7. Nge2 Be7 8.
O-O O-O 9. f4 exf4 10. Bxf4 Ng4 11. h3 Nge5 12. Ng3 g6 13. Bh6 Re8 14. Qe2
Bg5 15. Bxg5 Qxg5 16. Qf2 Rf8 17. Rad1 Nxd3 18. Rxd3 Ne5 19. Re3 Bd7 20. b3
b5 21. cxb5 axb5 22. Nf5 Bxf5 23. exf5 Qxf5 24. Qh4 Qh5 25. Qf4 f6 26. Rg3
Kh8 27. Qe3 Rae8 28. Qd2 b4 29. Nb5 Rd8 30. Rf2 f5 31. Qb2 f4 32. Rd3 Kg8
33. Rd1 Qxd1+ 34. Kh2 Nd3 35. Qe2 Qxe2 36. Rxe2 Rf7 37. Re6 Rfd7 38. a4 bxa3
39. Nxa3 Nc1 40. Nb5 Nxb3 41. Kg1 Nd4 42. Re4 Nxb5 43. Rxf4 Nc3 44. Rc4 Nxd5
45. Rc2 Rf8 46. Rd2 Ne3 47. Re2 Nf5 48. Rf2 d5 49. Rd2 d4 50. Rc2 d3 51. Rd2
c4 52. Rd1 c3 53. Rc1 d2 54. Rd1 Ne3 {White resigns} 0-1

[Event "ICC tourney 2140 (3 2)"]
[Site "Internet Chess Club"]
[Date "2020.11.20"]
[Round "1"]
[White "searchforbobby1"]
[Black "BamBam42"]
[Result "1-0"]
[ICCResult "Black resigns"]
[WhiteElo "1874"]
[BlackElo "1425"]
[Opening "Sicilian: Smith-Morra gambit"]
[ECO "B21"]
[NIC "SI.48"]
[Time "20:01:36"]
[TimeControl "180+2"]

1. e4 c5 2. d4 cxd4 3. c3 dxc3 4. Nxc3 e6 5. Bc4 Nc6 6. Nf3 Bb4 7. O-O Nge7
8. Bg5 f6 9. Be3 Ng6 10. Qe2 Bxc3 11. bxc3 O-O 12. Rfd1 Kh8 13. Bxe6 Qa5 14.
Bb3 Qh5 15. h3 Nge5 16. Rd5 Nxf3+ 17. Qxf3 Qxf3 18. gxf3 Ne5 19. Kg2 d6 20.
Rxd6 b6 21. f4 Ng6 22. Kg3 Bb7 23. f3 Rfd8 24. Rad1 Rxd6 25. Rxd6 h6 26. Rd7
Ba6 27. Rc7 Rc8 28. Rxc8+ Bxc8 29. h4 Kh7 30. Bd4 Ne7 31. Ba4 Bb7 32. c4 Nc6
33. Bc3 g6 34. Kf2 Kg7 35. Ke3 Kf7 36. a3 Ke6 37. Bb3 Kd6 38. Bxf6 Kc5 39.
e5 Na5 40. Be7+ Kc6 41. Ba2 Kd7 42. Bf8 Ke8 43. Bb4 Nc6 44. Bc3 a5 45. Bb1
Ne7 46. Be4 Bxe4 47. fxe4 Kf7 48. Kd4 Ke6 49. Be1 Nc6+ 50. Ke3 a4 51. Kd3 h5
52. Bf2 Na5 53. Bxb6 Nb3 54. Be3 g5 55. hxg5 h4 56. Bf2 h3 57. Bg3 Nc1+ 58.
Kd2 Nb3+ 59. Ke3 Nc5 60. f5+ Kf7 61. e6+ Nxe6 62. fxe6+ Kxe6 63. Kd4 Kf7 64.
e5 {Black resigns} 1-0

[Event "ICC tourney 2140 (3 2)"]
[Site "Internet Chess Club"]
[Date "2020.11.20"]
[Round "2"]
[White "GGuseinov"]
[Black "searchforbobby1"]
[Result "1-0"]
[ICCResult "Black checkmated"]
[WhiteElo "2793"]
[BlackElo "1874"]
[Opening "Sicilian: closed"]
[ECO "B23"]
[NIC "SI.44"]
[Time "20:14:48"]
[TimeControl "180+2"]

1. e4 c5 2. Nc3 a6 3. g3 b5 4. Bg2 Bb7 5. d3 e6 6. Nh3 Nc6 7. O-O d6 8. f4
Qc7 9. f5 e5 10. Nd5 Qd8 11. Bg5 f6 12. Qh5+ Kd7 13. Qf7+ Nge7 14. Bxf6 gxf6
15. Qe6+ Ke8 16. Nxf6# {Black checkmated} 1-0

[Event "ICC tourney 2140 (3 2)"]
[Site "Internet Chess Club"]
[Date "2020.11.20"]
[Round "2"]
[White "BamBam42"]
[Black "venkataralla"]
[Result "0-1"]
[ICCResult "White resigns"]
[WhiteElo "1305"]
[BlackElo "1294"]
[Opening "Sicilian: Prins (Moscow) variation"]
[ECO "B55"]
[NIC "SI.01"]
[Time "20:15:10"]
[TimeControl "180+2"]

1. e4 c5 2. Nf3 d6 3. d4 cxd4 4. Nxd4 Nf6 5. f3 Nc6 6. Be3 g6 7. c4 Bg7 8.
Nc3 O-O 9. Be2 Re8 10. O-O Qb6 11. Nd5 Nxd5 12. cxd5 Nxd4 13. Bxd4 Bxd4+ 14.
Kh1 e6 15. Rb1 exd5 16. exd5 Bf5 17. Bd3 Bxd3 18. Qxd3 Re3 19. Qd2 Rae8 20.
Rbe1 Qxb2 21. Rxe3 Rxe3 22. Qxb2 Bxb2 23. Rb1 Ba3 24. g3 Rxf3 25. Rxb7 Bc5
26. Kg2 Rf2+ 27. Kh3 Rxa2 28. Kg4 Rxh2 {White resigns} 0-1

[Event "ICC tourney 2140 (3 2)"]
[Site "Internet Chess Club"]
[Date "2020.11.20"]
[Round "2"]
[White "Gukesh"]
[Black "Kalmyk"]
[Result "1-0"]
[ICCResult "Black resigns"]
[WhiteElo "1760"]
[BlackElo "2700"]
[Opening "Queen's bishop game"]
[ECO "D02"]
[NIC "QP.06"]
[Time "20:14:46"]
[TimeControl "180+2"]

1. d4 Nf6 2. Nf3 d5 3. Bf4 Bf5 4. e3 e6 5. c4 Bxb1 6. Qxb1 Bb4+ 7. Kd1 dxc4
8. Bxc4 O-O 9. Ke2 Nbd7 10. Qc2 Bd6 11. Bg3 Qe7 12. Rhd1 e5 13. Nh4 g6 14.
Nxg6 hxg6 15. Qxg6+ Kh8 16. Qf5 Nh7 17. Bb5 c6 18. dxe5 cxb5 19. Rxd6 Rad8
20. Rad1 Nc5 21. Rh6 f6 22. exf6 Qf7 23. Qxc5 Rxd1 24. Kxd1 Rd8+ 25. Ke2 Qd7
26. Qd4 {Black resigns} 1-0

[Event "ICC tourney 2140 (3 2)"]
[Site "Internet Chess Club"]
[Date "2020.11.20"]
[Round "2"]
[White "jefferyx"]
[Black "HansNiemann"]
[Result "1-0"]
[ICCResult "Black resigns"]
[WhiteElo "2775"]
[BlackElo "1801"]
[Opening "Four knights: Scotch, 4...exd4"]
[ECO "C47"]
[NIC "KP.06"]
[Time "20:14:37"]
[TimeControl "180+2"]

1. e4 e5 2. Nf3 Nc6 3. Nc3 Nf6 4. d4 exd4 5. Nxd4 Bb4 6. Nxc6 bxc6 7. Bd3 d5
8. exd5 cxd5 9. O-O O-O 10. Qf3 c6 11. h3 Bd6 12. Bf4 Rb8 13. b3 Be6 14. Ne2
Re8 15. Rad1 Rb4 16. Rfe1 h6 17. c4 Bc5 18. Ng3 Rb7 19. Be5 Bb4 20. Re3 Rd7
21. Nf5 dxc4 22. Nxg7 Kxg7 23. Qf4 Rg8 24. Rg3+ Kf8 25. Bxf6 Rxg3 26. Bxd8
Rgxd3 27. Rxd3 Rxd3 28. Bc7 Bd2 29. Qe4 Bd5 30. Bd6+ Kg7 31. Qg4+ Kf6 32.
bxc4 Be6 33. Qe4 Bf5 34. Qe5+ Kg6 35. g4 Be6 36. Qe4+ {Black resigns} 1-0

[Event "ICC tourney 2140 (3 2)"]
[Site "Internet Chess Club"]
[Date "2020.11.20"]
[Round "2"]
[White "TjkTiger"]
[Black "manest"]
[Result "1/2-1/2"]
[ICCResult "Game drawn by repetition"]
[WhiteElo "2322"]
[BlackElo "2676"]
[Opening "English: symmetrical variation"]
[ECO "A37"]
[NIC "EO.28"]
[Time "20:14:37"]
[TimeControl "180+2"]

1. c4 c5 2. g3 g6 3. Bg2 Bg7 4. Nc3 Nc6 5. Nf3 d6 6. O-O Bf5 7. h3 Nf6 8. d3
O-O 9. Be3 a6 10. Qd2 Rb8 11. Bh6 b5 12. b3 Qa5 13. Bxg7 Kxg7 14. Rac1 Rfc8
15. Nh4 Bd7 16. f4 bxc4 17. dxc4 Nd4 18. e3 Nf5 19. Nxf5+ gxf5 20. Qb2 Kg8
21. Rce1 Qd8 22. Kh2 Qf8 23. e4 fxe4 24. Nxe4 Nxe4 25. Rxe4 Bc6 26. Re3 Bxg2
27. Kxg2 Rc7 28. f5 f6 29. Qe2 Kh8 30. Re1 Rbb7 31. Qh5 a5 32. Re4 a4 33.
Rh4 Qg8 34. Ree4 Ra7 35. Reg4 Qa8+ 36. Kg1 e5 37. fxe6 axb3 38. Qh6 Rg7 39.
Rxg7 Rxg7 40. Rg4 Rxg4 41. hxg4 bxa2 42. Qxf6+ Kg8 43. Qf7+ Kh8 44. Qf6+ Kg8
45. Qg5+ Kh8 46. Qf6+ Kg8 {Game drawn by repetition} 1/2-1/2

[Event "ICC tourney 2140 (3 2)"]
[Site "Internet Chess Club"]
[Date "2020.11.20"]
[Round "2"]
[White "chesssky"]
[Black "chessrex"]
[Result "1-0"]
[ICCResult "Black resigns"]
[WhiteElo "2049"]
[BlackElo "1896"]
[Opening "Réti: Herrström gambit"]
[ECO "A04"]
[NIC "QP.11"]
[Time "20:14:55"]
[TimeControl "180+2"]

1. Nf3 g5 2. Nxg5 e5 3. Nf3 Nc6 4. Nc3 d5 5. d3 h6 6. e4 d4 7. Ne2 Nf6 8. g3
Be6 9. Bg2 Qd7 10. Nh4 O-O-O 11. f4 Bh3 12. O-O Bxg2 13. Kxg2 Bd6 14. Nf5
Ng4 15. h3 Nf6 16. Nxd6+ Qxd6 17. fxe5 Nxe5 18. Rf5 Rhg8 19. Bf4 Rde8 20.
Qg1 c5 21. Rf1 Rg6 22. Qf2 Nfd7 23. Rxf7 Qe6 24. Rf5 Qxa2 25. Bxe5 Nxe5 26.
Qf4 Qe6 27. Rf6 Rxf6 28. Qxf6 Qxf6 29. Rxf6 h5 30. Nf4 c4 31. Rd6 cxd3 32.
cxd3 Nc6 33. Nxh5 Kc7 34. Rd5 a5 35. Nf4 a4 36. h4 Ra8 37. h5 a3 38. bxa3
Rxa3 39. h6 Ra8 40. Ng6 Ra2+ 41. Kh3 Ra1 42. Kg4 Rh1 43. Rh5 Rxh5 44. Kxh5
Nd8 45. Ne5 Kd6 46. h7 Kxe5 47. h8=Q+ Kd6 48. Qxd4+ Kc7 49. Qe5+ Kb6 50.
Qd6+ Nc6 51. d4 Kb5 52. Qc5+ Ka6 53. d5 Ne5 54. d6 Nc6 55. d7 Nd8 56. Qc8
Ne6 57. d8=Q Nxd8 58. Qxd8 {Black resigns} 1-0

[Event "ICC tourney 2140 (3 2)"]
[Site "Internet Chess Club"]
[Date "2020.11.20"]
[Round "2"]
[White "BreatheChessAls"]
[Black "SupaHotFiya"]
[Result "1/2-1/2"]
[ICCResult "Game drawn by repetition"]
[WhiteElo "1632"]
[BlackElo "1767"]
[Opening "Queen's Pawn"]
[ECO "A41"]
[NIC "QO.17"]
[Time "20:14:38"]
[TimeControl "180+2"]

1. d4 d6 2. Bf4 g6 3. e3 Bg7 4. Nf3 Nd7 5. Be2 e5 6. Bg5 f6 7. Bh4 Nh6 8.
dxe5 dxe5 9. e4 O-O 10. Bc4+ Nf7 11. Nc3 c6 12. O-O Qc7 13. Qe2 Nc5 14. b4
Ne6 15. Rad1 Nf4 16. Qe1 Be6 17. Bxe6 Nxe6 18. Bg3 Rfd8 19. Qe2 Qb6 20. Qc4
Nd4 21. Nxd4 Rxd4 22. Rxd4 Qxd4 23. Qxd4 exd4 24. Ne2 Re8 25. Nxd4 Rxe4 26.
c3 f5 27. Rd1 f4 28. f3 Bxd4+ 29. cxd4 Re2 30. Bxf4 Rxa2 31. d5 cxd5 32.
Rxd5 Rb2 33. b5 a6 34. bxa6 bxa6 35. Ra5 Rb6 36. h3 Rc6 37. Kh2 h6 38. Be3
Kg7 39. Bd4+ Kh7 40. Rd5 g5 41. Rd7 Kg6 42. Ra7 h5 43. Ra8 h4 44. Rg8+ Kf5
45. Rf8 Ke6 46. Re8+ Kd7 47. Ra8 Rd6 48. Ra7+ Ke6 49. Be3 Rc6 50. Bd4 Rd6
51. Be3 Rc6 52. Bd4 Rd6 53. Be3 Rc6 54. Bd4 {Game drawn by repetition}
1/2-1/2

[Event "ICC tourney 2140 (3 2)"]
[Site "Internet Chess Club"]
[Date "2020.11.20"]
[Round "2"]
[White "Monkeybomb3605"]
[Black "chesslin"]
[Result "1-0"]
[ICCResult "Black forfeits on time"]
[WhiteElo "1463"]
[BlackElo "1598"]
[Opening "Pirc: classical (two knights) system"]
[ECO "B06"]
[NIC "PU.10"]
[Time "20:14:41"]
[TimeControl "180+2"]

1. e4 g6 2. d4 Bg7 3. Nc3 d6 4. Nf3 Nf6 5. Be3 O-O 6. h3 a6 7. a4 Nc6 8. Be2
b6 9. O-O Bb7 10. Qd2 e5 11. dxe5 Nxe5 12. Nxe5 dxe5 13. Bd3 c5 14. b3 Re8
15. Rfd1 Rc8 16. Qe2 Qe7 17. Bxa6 Red8 18. Bg5 h6 19. Bxf6 Bxf6 20. Bxb7
Qxb7 21. Nd5 Bg7 22. Qb5 Rd6 23. a5 Rcd8 24. axb6 f5 25. Ra7 Qb8 26. Rda1
fxe4 27. Ne7+ Kh8 28. Qxc5 e3 29. Qxe3 e4 30. g3 g5 31. Kg2 Bxa1 32. Rxa1
R8d7 33. Nf5 Re6 34. Qc3+ Kg8 35. Nd4 Rxb6 36. Qc4+ Kh7 37. Re1 Qe5 38. Nc6
{Black forfeits on time}
1-0

[Event "ICC tourney 2140 (3 2)"]
[Site "Internet Chess Club"]
[Date "2020.11.20"]
[Round "2"]
[White "breaker90"]
[Black "FivePlyGuy"]
[Result "1/2-1/2"]
[ICCResult "Game drawn because neither player has mating material"]
[WhiteElo "1693"]
[BlackElo "1667"]
[Opening "French: Fort Knox variation"]
[ECO "C10"]
[NIC "FR.07"]
[Time "20:14:53"]
[TimeControl "180+2"]

1. e4 e6 2. d4 d5 3. Nc3 dxe4 4. Nxe4 Bd7 5. Nf3 Bc6 6. Bd3 Bxe4 7. Bxe4 c6
8. O-O Nf6 9. Bd3 Bd6 10. c3 Nbd7 11. Bg5 h6 12. Bh4 Qc7 13. Re1 O-O 14. Qe2
Rfe8 15. Bg3 a6 16. a4 Rad8 17. a5 c5 18. Ne5 Nf8 19. Qf3 N8h7 20. h4 Nd5
21. Bxh7+ Kxh7 22. h5 Nf6 23. dxc5 Bxc5 24. Ng4 Qe7 25. Nxf6+ Qxf6 26. Qxf6
gxf6 27. Rad1 e5 28. Kf1 Rd6 29. Rxd6 Bxd6 30. Rd1 Rd8 31. f4 exf4 32. Bxf4
Be7 33. Rxd8 Bxd8 34. b4 f5 35. Be5 f6 36. Bd4 Kg7 37. Ke2 Kf7 38. Kf3 Ke6
39. c4 Bc7 40. b5 Bxa5 41. bxa6 bxa6 42. c5 Bb4 43. Be3 a5 44. Bxh6 a4 45.
Bc1 Bxc5 46. Bb2 a3 47. Ba1 Bf8 48. g4 Bh6 49. Bc3 Bc1 50. gxf5+ Kxf5 51.
Ke2 Bb2 52. Kd3 Bxc3 53. Kxc3 a2 54. Kb2 a1=Q+ 55. Kxa1 Kg5 56. Kb2 Kxh5 57.
Kc3 Kg4 58. Kd2 Kg3 59. Ke2 Kg2 60. Ke3 Kg3 61. Ke4 Kg4 62. Ke3 f5 63. Kf2
Kh3 64. Kf3 Kh4 65. Kf4 Kh5 66. Kxf5
{Game drawn because neither player has mating material}
1/2-1/2

[Event "ICC tourney 2140 (3 2)"]
[Site "Internet Chess Club"]
[Date "2020.11.20"]
[Round "3"]
[White "chesssky"]
[Black "GGuseinov"]
[Result "0-1"]
[ICCResult "White resigns"]
[WhiteElo "2118"]
[BlackElo "2793"]
[Opening "King's Indian: fianchetto, lesser Simagin (Spassky) variation"]
[ECO "E62"]
[NIC "KI.72"]
[Time "20:26:50"]
[TimeControl "180+2"]

1. Nf3 g6 2. d4 Bg7 3. c4 d6 4. g3 Nf6 5. Bg2 O-O 6. O-O Nc6 7. Nc3 Bf5 8.
h3 Ne4 9. Re1 Nxc3 10. bxc3 Be4 11. Nd2 Bxg2 12. Kxg2 e5 13. d5 Ne7 14. e4
f5 15. Nf3 h6 16. Rb1 b6 17. Qc2 Qd7 18. Re2 Rf7 19. Nh4 Raf8 20. Qd3 a5 21.
Bd2 f4 22. Kh2 g5 23. Ng2 f3 24. Ree1 fxg2 25. Be3 Ng6 26. Kxg2 Rf3 27. c5
dxc5 28. Qc4 Kh7 29. Rbd1 Nh4+ 30. gxh4 Qxh3+ 31. Kg1 Qg4+ 32. Kf1 Rh3
{White resigns}
0-1

[Event "ICC tourney 2140 (3 2)"]
[Site "Internet Chess Club"]
[Date "2020.11.20"]
[Round "3"]
[White "SupaHotFiya"]
[Black "chessrex"]
[Result "1/2-1/2"]
[ICCResult "Game drawn by mutual agreement"]
[WhiteElo "1773"]
[BlackElo "1890"]
[Opening "Vienna game"]
[ECO "C25"]
[NIC "VG.04"]
[Time "20:26:57"]
[TimeControl "180+2"]

1. e4 e5 2. Nc3 f5 3. d4 exd4 4. Qxd4 Nc6 5. Qe3 fxe4 6. Nxe4 Qe7 7. Nf3 d5
8. Nc3 Qxe3+ 9. Bxe3 Bb4 10. O-O-O Bxc3 11. bxc3 Nf6 12. c4 Be6 13. cxd5
Bxd5 14. c4 Bf7 15. Be2 O-O 16. h3 Rfd8 17. Rxd8+ Rxd8 18. Rd1 Rxd1+ 19.
Kxd1 a6 20. Kc2 Ne4 21. Nd2 Nxd2 22. Bxd2 Ne5 23. Kc3 c5 24. Bf4 Nc6 25. Bd6
Nd4 26. Bd3 Ne6 27. f4 g6 28. g4 b6 29. f5 Nf8 30. f6 h6 31. h4 g5 32. hxg5
hxg5 33. Bc7 b5 34. Bd6 Nd7 {Game drawn by mutual agreement} 1/2-1/2

[Event "ICC tourney 2140 (3 2)"]
[Site "Internet Chess Club"]
[Date "2020.11.20"]
[Round "3"]
[White "HansNiemann"]
[Black "Monkeybomb3605"]
[Result "1-0"]
[ICCResult "Black checkmated"]
[WhiteElo "1810"]
[BlackElo "1459"]
[Opening "King's Indian: Kazakh variation"]
[ECO "E91"]
[NIC "KI.19"]
[Time "20:26:51"]
[TimeControl "180+2"]

1. Nf3 Nf6 2. c4 g6 3. Nc3 Bg7 4. e4 d6 5. d4 O-O 6. Be2 Na6 7. O-O e5 8.
Be3 Ng4 9. Bg5 Qe8 10. h3 h6 11. Bc1 exd4 12. Nxd4 Nf6 13. Re1 Nh7 14. Be3
Ng5 15. Bd3 Nc5 16. Bc2 a5 17. Ndb5 Nge6 18. f4 Qd8 19. f5 gxf5 20. exf5 Ng5
21. Bd4 Bd7 22. Bxg7 Kxg7 23. Qd4+ f6 24. Qg4 Kh7 25. Nd5 Bxb5 26. Re7+ Kh8
27. Qh5 Nf7 28. Qg6 Nd7 29. Nxf6 Nxf6 30. Qxf6+ Kg8 31. Qg6+ Kh8 32. f6 Ng5
33. Qg7# {Black checkmated} 1-0

[Event "ICC tourney 2140 (3 2)"]
[Site "Internet Chess Club"]
[Date "2020.11.20"]
[Round "3"]
[White "Kalmyk"]
[Black "TjkTiger"]
[Result "1-0"]
[ICCResult "Black checkmated"]
[WhiteElo "2703"]
[BlackElo "2319"]
[Opening "Sicilian: accelerated fianchetto, Maróczy bind, 6.Be3"]
[ECO "B38"]
[NIC "SI.43"]
[Time "20:26:53"]
[TimeControl "180+2"]

1. e4 c5 2. Nf3 g6 3. d4 cxd4 4. Nxd4 Bg7 5. c4 Nc6 6. Be3 Qb6 7. Nb3 Qd8 8.
Nc3 Bxc3+ 9. bxc3 Nf6 10. f3 d6 11. Be2 O-O 12. O-O b6 13. a4 Qc7 14. a5
bxa5 15. c5 dxc5 16. Nxc5 Rd8 17. Qa4 Nd7 18. Qa3 Nxc5 19. Qxc5 Bd7 20. Rfd1
Be8 21. Rd5 e6 22. Rxd8 Qxd8 23. Rd1 Qb6 24. Qg5 Qb2 25. Qf6 Qxe2 26. Bh6
Qxd1+ 27. Kf2 Qc2+ 28. Kg3 Qxc3 29. Qxc3 e5 30. Qc5 Rd8 31. Qf8#
{Black checkmated}
1-0

[Event "ICC tourney 2140 (3 2)"]
[Site "Internet Chess Club"]
[Date "2020.11.20"]
[Round "3"]
[White "BreatheChessAls"]
[Black "breaker90"]
[Result "1-0"]
[ICCResult "Black forfeits on time"]
[WhiteElo "1636"]
[BlackElo "1601"]
[Opening "Queen's pawn: London system"]
[ECO "A45"]
[NIC "QP.07"]
[Time "20:26:49"]
[TimeControl "180+2"]

1. d4 Nf6 2. Bf4 c5 3. e3 g6 4. c3 b6 5. Nd2 Bb7 6. Ngf3 Bg7 7. Bd3 O-O 8.
h3 d6 9. O-O Nbd7 10. Re1 a6 11. e4 cxd4 12. cxd4 b5 13. Qb3 Qb6 14. Rad1
Rac8 15. Nb1 Rfe8 16. Nc3 e5 17. Be3 Qd8 18. d5 Nc5 19. Bxc5 dxc5 20. Bf1
Nd7 21. a3 c4 22. Qc2 Nc5 23. Na2 Nb3 24. Nd2 Nd4 25. Qc1 f5 26. exf5 gxf5
27. Nb4 a5 28. Nc2 Qxd5 29. Ne3 Qc6 30. Nf3 Nxf3+ 31. gxf3 Bh6 32. Bg2 Rcd8
33. Qc2 Rxd1 34. Rxd1 Bxe3 35. fxe3 Qg6 36. Kh1 {Black forfeits on time} 1-0